 Dungeon Crawl Stone Soup version 0.25-a0-42-g6c54e25894 (webtiles) character file.

Game seed: 13134324136602268787, levelgen mode: deterministic

1199 Gebura the Skirmisher (level 8, -3/61 HPs)
             Began as a Demonspawn Monk on Oct 22, 2019.
             Was a Believer of Uskayaw.
             Killed from afar by Erica (19 damage)
             ... with an orb of energy
             ... on level 8 of the Dungeon.
             The game lasted 00:17:07 (6131 turns).

Gebura the Skirmisher (Demonspawn Monk)             Turns: 6131, Time: 00:17:07

Health: -3/61      AC:  8    Str: 13    XL:     8   Next: 20%
Magic:  0/11       EV: 13    Int: 11    God:    Uskayaw [**....]
Gold:   196        SH:  0    Dex: 17    Spells: 7/7 levels left

rFire    . . .     SeeInvis .   a - +0 falchion
rCold    . . .     Gourm    .   (no shield)
rNeg     . . .     Faith    .   e - +0 ring mail
rPois    .         Spirit   +   (helmet restricted)
rElec    .         Reflect  .   (no cloak)
rCorr    .         Harm     .   (no gloves)
MR       .....                  (no boots)
Stlth    ++........             (no amulet)
HPRegen  0.20/turn              (no ring)
MPRegen  0.12/turn              (no ring)

@: no status effects
A: antennae 1, slimy green scales 2, spiny 1, magic shield
a: Stomp, Line Pass, Renounce Religion


You were on level 8 of the Dungeon.
You worshipped Uskayaw.
Uskayaw was noncommittal.
You were hungry.

You visited 1 branch of the dungeon, and saw 6 of its levels.
You also visited: Ossuary.

You collected 196 gold pieces.

Inventory:

Hand Weapons
 a - a +0 falchion (weapon)
Missiles
 k - 8 poisoned darts (quivered)
 o - a throwing net
Armour
 b - a +0 robe
 e - a +0 ring mail (worn)
 f - a +0 helmet
Wands
 r - a wand of iceblast (8)
Scrolls
 d - 2 scrolls of identify
 j - 2 scrolls of blinking {unknown}
 l - a scroll of noise {unknown}
 m - a scroll of enchant armour {unknown}
 p - a scroll of remove curse {unknown}
 q - 3 scrolls of magic mapping
 u - a scroll of vulnerability {unknown}
 v - a scroll of enchant weapon {unknown}
 w - 2 scrolls of amnesia {unknown}
 x - 3 scrolls of teleportation {unknown}
 y - a scroll of fear {unknown}
Potions
 h - 4 potions of brilliance
 i - 2 potions of might
 n - a potion of invisibility
 s - a potion of ambrosia
 t - a potion of degeneration {unknown}
 z - a potion of mutation
Comestibles
 c - 3 rations


   Skills:
 + Level 4.9 Fighting
 + Level 4.6 Long Blades
 + Level 3.4 Armour
 + Level 4.6 Dodging
 + Level 4.3 Stealth
 + Level 4.6 Invocations


You had 7 spell levels left.
You didn't know any spells.
Your spell library was empty.

Dungeon Overview and Level Annotations

Branches:
Dungeon (8/15)             Temple (0/1) D:5         Ossuary (visited)
   Lair: D:8-11

Altars:
Cheibriados
Dithmenos
Elyvilon
Gozag
Kikubaaqudgha
Uskayaw
Xom
Yredelemnul
The Shining One

Annotations:
D:8 Erica


Innate Abilities, Weirdness & Mutations

You have a pair of small antennae on your head.
You are mostly covered in slimy green scales. (AC +3)
You are partially covered in sharp spines.
When hurt, damage is shared between your health and your magic reserves.


Message History

* * * LOW HITPOINT WARNING * * *
Erica burns you.
* * * LOW HITPOINT WARNING * * *
Okay, then.
You feel better.
You closely miss Erica.
Erica is moderately wounded.
Erica hits you with a +4 scimitar of flaming.
* * * LOW HITPOINT WARNING * * *
Erica burns you.
* * * LOW HITPOINT WARNING * * *
You can no longer merge with and destroy a victim.
Erica gestures at you while chanting. You resist with significant effort.
Erica points at you and mumbles some strange words.
You are confused.
You feel better.
Erica points at you and mumbles some strange words.
The orb of energy hits you!!
You die...

*************,*,,,
*,********.#,**
*,,,,,,,,...,,,
***,*******#.y,,,
*,,,* #.#*** ##*,***
#y# #.,,* #.###
##.############.#.##
#..@..@.....†......#
###############....#
#....# ##....#
#...... ##..#.#
#..#.# ##..#.#
##......


You could see Erica.

Vanquished Creatures
  Menkaure (Ossuary)
  A centaur (D:5)
  A bullfrog (D:8)
  4 killer bees (D:8)
  2 howler monkeys
  2 centaur zombies (Ossuary)
  A human zombie (Ossuary)
  2 hounds (D:4)
  3 iguanas
  A worker ant (D:4)
  3 ogre zombies (Ossuary)
  A hound zombie (D:5)
  A hound skeleton (D:5)
  6 mummies (Ossuary)
  6 adders
  4 gnolls (D:3)
  3 adder zombies (Ossuary)
  An adder skeleton (D:4)
  3 dart slugs
  3 worms (D:2)
  5 leopard geckos
  5 orcs
  4 ball pythons
  5 giant cockroaches
  7 hobgoblins
  9 quokkas
  12 bats
  6 frilled lizards
  5 goblins
  5 goblin zombies (Ossuary)
  4 hobgoblin zombies (Ossuary)
  10 kobolds
  5 kobold zombies (Ossuary)
  An orc zombie (Ossuary)
  4 quokka zombies (Ossuary)
  11 rats
  2 rat zombies (Ossuary)
149 creatures vanquished.

Vanquished Creatures (others)
  A killer bee (D:8)
  A plant (D:2)
2 creatures vanquished.

Grand Total: 151 creatures vanquished

Notes
Turn   | Place    | Note
-------+----------+-------------------------------------------
     0 | D:1      | Gebura the Demonspawn Monk began the quest for the Orb.
     0 | D:1      | Reached XP level 1. HP: 18/18 MP: 1/1
   588 | D:1      | Gained mutation: You are partially covered in sharp spines.
                  | [demonic ancestry]
   588 | D:1      | Reached XP level 2. HP: 22/24 MP: 2/2
  1375 | D:2      | Found a basalt altar of Yredelemnul.
  1387 | D:2      | Gained mutation: You are partially covered in slimy green
                  | scales. (AC +2) [demonic ancestry]
  1387 | D:2      | Reached XP level 3. HP: 29/29 MP: 3/3
  1453 | D:2      | Reached skill level 1 in Armour
  1935 | D:2      | Found a shimmering altar of Xom.
  1937 | D:2      | Found a snail-covered altar of Cheibriados.
  1937 | D:2      | Found a hide-covered altar of Uskayaw.
  1945 | D:2      | Became a worshipper of Uskayaw the Reveler
  1945 | D:2      | Reached * piety under Uskayaw
  1948 | D:2      | Found a glowing golden altar of the Shining One.
  1956 | D:2      | Found an ancient bone altar of Kikubaaqudgha.
  2159 | D:2      | Reached ** piety under Uskayaw
  2179 | D:2      | Gained mutation: When hurt, damage is shared between your
                  | health and your magic reserves. [demonic ancestry]
  2179 | D:2      | Reached XP level 4. HP: 35/35 MP: 4/4
  2421 | D:3      | Reached *** piety under Uskayaw
  2470 | D:3      | Found a faded altar of an unknown god.
  2572 | D:3      | Found an opulent altar of Gozag.
  2607 | D:3      | Reached skill level 1 in Invocations
  2715 | D:3      | Reached **** piety under Uskayaw
  2716 | D:3      | Reached XP level 5. HP: 30/41 MP: 3/6
  3530 | D:4      | Noticed a phantom
  4014 | D:4      | Reached XP level 6. HP: 48/48 MP: 7/7
  4297 | D:4      | Noticed a sky beast
  4355 | D:4      | Found a white marble altar of Elyvilon.
  4404 | D:5      | Entered Level 5 of the Dungeon
  4404 | D:5      | Found a shadowy altar of Dithmenos.
  4538 | D:5      | Found a staircase to the Ecumenical Temple.
  4568 | D:5      | Noticed an ice beast
  4598 | D:5      | Gained mutation: You are mostly covered in slimy green
                  | scales. (AC +3) [demonic ancestry]
  4598 | D:5      | Reached XP level 7. HP: 46/54 MP: 6/9
  4611 | D:5      | You fall into a shaft and drop 3 floors!
  4803 | D:8      | Found a sand-covered staircase.
  4809 | Ossuary  | Entered an ossuary
  4854 | Ossuary  | Noticed Menkaure
  5816 | Ossuary  | Killed Menkaure
  6105 | D:8      | Gained mutation: You have a pair of small antennae on your
                  | head. [demonic ancestry]
  6105 | D:8      | Reached XP level 8. HP: 56/61 MP: 11/11
  6110 | D:8      | Noticed Erica
  6118 | D:8      | Reached ***** piety under Uskayaw
  6131 | D:8      | Killed from afar by Erica

Levels and vault maps discovered:
D:1:      dpeg_arrival_erosion, layout_basic, chequers_jeans
D:2:      wad_woods_stonehenge, layout_basic, minmay_overflow_temple_star_hex,
          first_ration
D:3:      kb_forest_paths, layout_basic, nicolae_gozag_seed_capital,
          chequers_ecumenical_altar_lobes
D:4:      layout_layer_cave, elyvilon_altar_1, st_stairs_7,
          minmay_misc_feat_pillars
D:5:      layout_rooms, minmay_temple_entry_mist, basic_altar,
          minmay_manual_mandibuliform
D:8:      layout_basic, nemelex_xobeh_ov_fountains_minmay,
          nicolae_ossuary_entry_plus, lightli_bailey_entry_fortress, uniq_erica,
          uniq_joseph

Skill      XL: |  1  2  3  4  5  6  7 |
---------------+----------------------+-----
Stealth        | 2 3 4 |  4.3
Dodging        | 3 4 |  4.6
Long Blades    | 3 4 |  4.6
Armour         | 1 2 3 |  3.4
Invocations    | 1 2 3 4 |  4.6
Fighting       | 4 |  4.9

Action                   |  1- 3 |  4- 6 |  7- 9 || total
-------------------------+-------+-------+-------++-------
Melee: Falchion          |   119 |   147 |   180 ||   446
  Use: Scroll            |       |     3 |     4 ||     7
       Potion            |       |       |     4 ||     4
 Stab: Sleeping          |     3 |     3 |    11 ||    17
       Paralysed         |       |     4 |     6 ||    10
       Distracted        |       |       |     1 ||     1
  Eat: Chunk             |     4 |     8 |     1 ||    13
       Ration            |       |       |     1 ||     1
Armor: Robe              |     2 |       |       ||     2
       Ring mail         |    28 |    69 |    36 ||   133
Dodge: Dodged            |    81 |   115 |    89 ||   285
       Rpst.: Falchion   |    21 |    43 |    21 ||    85

Table legend:
 A = Non-vault XP
 B = Vault XP
 C = Vault XP percentage of total XP
 D = Non-vault monster count
 E = Vault monster count
 F = Vault count percentage of total count
                 A         B        C        D         E       F
            +---------+---------+-------+---------+---------+-------
      Total |    1113 |     601 |  35.1 |     100 |      50 |  33.3
            +---------+---------+-------+---------+---------+-------
        D:1 |      24 |       0 |   0.0 |      15 |       0 |   0.0
        D:2 |      60 |      13 |  17.8 |      31 |       6 |  16.2
        D:3 |     127 |      24 |  15.9 |      31 |       6 |  16.2
        D:4 |     234 |      33 |  12.4 |       9 |       1 |  10.0
        D:5 |     275 |       0 |   0.0 |       7 |       0 |   0.0
        D:8 |     393 |       0 |   0.0 |       7 |       0 |   0.0
    Ossuary |       0 |     531 | 100.0 |       0 |      37 | 100.0
            +---------+---------+-------+---------+---------+-------
